Map: Daybreak LE (Void)

Players

TYTY (TY)

  • Race: Terran Terran
  • League: Diamond
  • Spawn Location: 7:00

Maru - Winner!

  • Race: Terran Terran
  • League: Diamond
  • Spawn Location: 1:00

Event: WESG 2016 Finals

VOD

https://www.youtube.com/watch?v=7V2Ju5gkZuc

Description

Time

  • Played on: Jan. 15, 2017, 7:42 p.m.
  • Length: 13:00

All games in this series

Show
View Real Time Build Order
Export as new Build Order

TYTY Terran 

Build Orders: Cyclone Opening, Reaper Expand, Bio Tank 

Get SALT Encoding   

  12  0:01  SCV  
  13  0:13  SCV  
  14  0:18  Supply Depot  
  14  0:25  SCV  
  15  0:30  Refinery  
  15  0:40  SCV  
  16  0:45  Barracks  
  16  0:52  SCV  
  17  1:04  SCV  
  18  1:16  SCV  
  19  1:32  Orbital Command  
  19  1:33  Reaper  
  20  1:47  Command Center  
  20  1:58  Factory  
  20  2:03  SCV  
  20  2:07  Barracks Reactor  
  21  2:11  Refinery  
  21  2:15  SCV  
  22  2:19  Supply Depot  
  22  2:27  SCV  
  23  2:41  SCV  
  23  2:42  Cyclone  
  23  2:44  Marine x2  
  29  2:54  SCV  
  29  2:58  Starport  
  30  3:06  Marine x2  
  30  3:11  SCV  
  32  3:14  Orbital Command  
  32  3:25  SCV  
  33  3:27  Marine  
  33  3:28  Marine  
  33  3:29  Factory Tech Lab  
  34  3:37  SCV  
  34  3:40  SCV  
  34  3:45  Viking  
  36  3:49  SCV  
  37  3:56  Siege Tank  
  37  3:58  SCV  
  37  4:01  Marine  
  37  4:02  Marine  
  43  4:04  SCV  
  44  4:10  Supply Depot  
  44  4:11  SCV  
  44  4:16  SCV  
  46  4:18  Supply Depot  
  46  4:27  SCV  
  46  4:28  SCV  
  45  4:31  Siege Tank  
  45  4:38  Refinery  
  48  4:39  SCV  
  48  4:40  Medivac x2  
  48  4:42  SCV  
  55  4:48  Barracks Tech Lab  
  55  4:51  SCV  
  55  4:54  SCV  
  56  5:03  SCV  
  56  5:06  Marine  
  58  5:10  Siege Tank  
  61  5:16  SCV  
  61  5:19  Supply Depot x2  
  61  5:21  SCV  
  62  5:22  Barracks x2  
  62  5:24  Marine  
  59  5:29  SCV  
  59  5:33  SCV  
  54  5:41  Marine, SCV  
  55  5:43  Siege Tank  
  48  6:00  Marauder  
  48  6:02  SCV x2  
  50  6:14  SCV x2  
  50  6:21  Stimpack  
  50  6:26  SCV  
  50  6:27  SCV  
  44  6:41  SCV  
  44  6:42  Marine x2  
  44  6:45  SCV  
  48  6:49  Barracks Reactor  
  48  6:52  Barracks x2  
  48  6:55  Engineering Bay  
  48  6:56  Marine  
  48  6:58  SCV x2  
  48  7:00  Marine  
  52  7:03  Marine  
  53  7:08  Refinery  
  53  7:11  Siege Tank  
  53  7:12  SCV x2  
  53  7:14  Marine  
  59  7:19  Starport Reactor  
  59  7:21  Supply Depot  
  59  7:23  Marine x2, Missile Turret  
  59  7:24  SCV x2  
  59  7:26  Marine x2  
  65  7:31  Marine  
  65  7:33  Terran Infantry Weapons Level 1  
  65  7:36  SCV  
  67  7:40  Barracks Reactor  
  67  7:41  Marine x2  
  67  7:42  SCV  
  71  7:45  Barracks Reactor  
  71  7:49  Marine x3  
  73  7:55  Siege Tank  
  76  7:58  Marine  
  76  7:59  Marine  
  76  8:01  Supply Depot  
  76  8:07  Marine x2  
  76  8:09  Medivac  
  82  8:13  Medivac  
  82  8:15  Marine  
  82  8:16  Marine  
  82  8:18  Marine x2  
  86  8:22  Marine  
  86  8:23  Marine x2  
  86  8:25  Marine x2  
  91  8:28  Siege Tank  
  94  8:36  Combat Shields  
  94  8:40  Supply Depot  
  94  8:42  Marine x5  
  94  8:44  Medivac  
  101  8:49  Marine  
  101  8:55  Medivac, Marine  
  102  9:01  Marine x2  
  104  9:06  Siege Tank  
  107  9:11  Marine x3  
  107  9:13  Marine  
  107  9:15  Supply Depot  
  110  9:17  Supply Depot  
  103  9:32  Marine  
  103  9:33  Marine x6  
  103  9:37  Medivac  
  111  9:39  Engineering Bay  
  111  9:47  Siege Tank  
  111  9:50  Marine x3  
  116  9:53  Marine  
  116  9:54  Marine  
  116  9:58  Marine  
  118  10:04  Marine  
  118  10:07  Marine x2  
  118  10:10  Marine x2  
  122  10:14  Terran Infantry Armor Level 1  
  122  10:17  Marine x2  
  124  10:25  Siege Tank  
  126  10:36  Marine x3  
  126  10:38  Marine  
  126  10:39  Marine  
  126  10:40  Marine  
  126  10:44  Supply Depot  
  126  10:45  Supply Depot  
  126  10:49  Marine x2, Liberator  
  126  10:55  SCV x2  
  126  11:00  Orbital Command  
  126  11:17  Liberator  
  108  11:26  Marine  
  108  11:28  Marine  
  110  11:35  Marine  
  110  11:37  Marine  
  112  11:41  Marine  
  112  11:43  Marine  
  114  11:49  Marine  
  115  11:57  Marine  
  115  11:58  Marine  
  119  12:04  Marine x2  
  119  12:09  Siege Tank  
  119  12:11  Marine  
  109  12:26  Marine x3  
  102  12:32  Marine  
  102  12:33  Marine x2  
  91  12:41  Marine x2  
Show
View Real Time Build Order
Export as new Build Order

Maru Terran - Winner!

Build Orders: 1/1/1, Cyclone Opening, MMM Bio 

Get SALT Encoding   

  12  0:00  SCV  
  13  0:12  SCV  
  14  0:17  Supply Depot  
  14  0:24  SCV  
  15  0:28  Refinery  
  15  0:39  SCV  
  16  0:45  Barracks  
  16  0:51  SCV  
  17  0:58  Refinery  
  17  1:03  SCV  
  18  1:15  SCV  
  19  1:32  Orbital Command  
  19  1:33  Reaper  
  19  1:37  Factory  
  20  1:45  Supply Depot  
  20  1:58  SCV  
  21  2:05  Reaper  
  22  2:10  SCV  
  23  2:21  Starport  
  23  2:22  Cyclone  
  26  2:24  SCV  
  27  2:30  Supply Depot  
  27  2:37  Barracks Tech Lab  
  27  2:38  SCV  
  28  2:50  SCV  
  29  2:54  Hellion  
  31  3:03  Raven  
  33  3:09  SCV  
  34  3:18  Command Center  
  34  3:23  Barracks Reactor  
  34  3:25  SCV  
  34  3:30  Factory Tech Lab  
  34  3:37  SCV  
  35  3:47  Supply Depot  
  35  3:52  Raven  
  35  3:55  SCV  
  38  4:07  SCV  
  39  4:14  Marine x2  
  41  4:19  SCV  
  41  4:21  Siege Tank  
  45  4:31  SCV  
  45  4:38  Orbital Command  
  44  4:43  Barracks, SCV  
  45  4:47  Marine  
  45  4:48  Stimpack  
  46  4:55  SCV, Starport Reactor  
  46  4:56  Barracks  
  47  5:08  SCV  
  47  5:09  SCV  
  47  5:11  Engineering Bay, Refinery  
  47  5:12  Marine  
  50  5:16  Siege Tank  
  50  5:20  SCV  
  54  5:26  SCV  
  55  5:30  Marine  
  55  5:32  SCV  
  55  5:35  Marine  
  58  5:38  SCV  
  56  5:44  SCV  
  56  5:48  Siege Tank  
  57  5:50  SCV  
  57  5:54  Marine x2  
  57  5:55  Marine x2  
  57  5:56  SCV  
  61  6:03  Viking  
  60  6:06  SCV  
  60  6:12  Marine x2  
  60  6:13  Marine  
  60  6:19  Orbital Command, SCV  
  60  6:30  Marine x3  
  63  6:35  SCV  
  54  6:47  SCV x2  
  55  6:48  Marine x2  
  58  6:55  Combat Shields, Marine, Refinery  
  58  6:59  SCV  
  58  7:01  SCV  
  61  7:05  Marine  
  61  7:06  Barracks, Marine  
  63  7:11  SCV  
  63  7:13  Marine  
  63  7:15  SCV  
  66  7:16  Supply Depot  
  66  7:17  Terran Infantry Weapons Level 1  
  66  7:23  Marine  
  66  7:28  SCV x2  
  69  7:30  Supply Depot  
  69  7:33  Marine  
  70  7:38  Medivac, Marine  
  70  7:41  Medivac, Marine  
  70  7:43  Supply Depot  
  76  7:51  Supply Depot, Marine, Refinery  
  77  7:55  Marine  
  77  7:56  Barracks Reactor  
  77  7:58  SCV x2  
  80  7:59  Marine  
  81  8:09  Marine  
  81  8:11  Siege Tank  
  81  8:12  SCV x2  
  87  8:13  Marine  
  87  8:17  Marine  
  89  8:24  SCV x2  
  89  8:26  Marine  
  92  8:28  Medivac x2  
  92  8:32  Supply Depot, Barracks  
  92  8:33  Barracks, Marine  
  92  8:34  Marine x3  
  99  8:39  SCV  
  101  8:42  Supply Depot  
  101  8:47  Marine  
  102  8:51  Marine x2  
  102  8:53  Siege Tank  
  105  8:57  SCV  
  105  8:59  Marine x2  
  108  9:05  Marine  
  108  9:09  Marine  
  110  9:12  SCV  
  110  9:13  Armory  
  110  9:14  Engineering Bay  
  110  9:16  Supply Depot  
  111  9:18  SCV  
  111  9:24  Marine x2  
  108  9:25  Barracks Reactor  
  108  9:26  Barracks Reactor  
  108  9:28  Marine x2  
  108  9:31  SCV x2  
  114  9:35  Marine  
  112  9:39  Supply Depot  
  112  9:42  Terran Infantry Armor Level 1, Marine  
  112  9:43  SCV x2  
  112  9:45  Siege Tank, Marine  
  119  9:54  Marine x2  
  119  9:59  Marine x2  
  122  10:03  Supply Depot, Marine  
  124  10:10  Terran Infantry Weapons Level 2  
  124  10:17  Marine x3  
  127  10:24  Marine x3  
  127  10:28  Command Center  
  130  10:33  Siege Tank  
  132  10:36  Sensor Tower  
  124  10:43  Marine x2  
  124  10:48  Viking  
  128  10:54  SCV  
  129  10:57  Marine x3, Viking  
  133  11:05  Siege Tank  
  133  11:06  Marine  
  133  11:08  SCV  
  133  11:10  Marine  
  135  11:15  Marine x4  
  132  11:22  Marine  
  129  11:28  Marine x2  
  131  11:33  Medivac x2  
  131  11:37  Siege Tank  
  136  11:42  Marine x2  
  136  12:01  Supply Depot  
  136  12:02  Supply Depot  
  136  12:03  Medivac  
  138  12:09  Siege Tank  
  138  12:13  Sensor Tower  
  140  12:26  Marine x2  
  138  12:36  Marine  
  118  12:39  Marine  
  118  12:42  Marine  
Tags
 
Add a new tag
Caveats
  • Supply blocks, unpowered buildings, or Contaminate may cause inaccurate times.
  • Supply counts are checked every 10 seconds.